 Dungeon Sprint DCSS version 0.13.2 (webtiles) character file.

677 sanboga the Protected (level 6, -7/58 HPs)
             Began as a Minotaur Fighter on Dec 10, 2017.
             Engulfed by a cloud of flame (18 damage)
             ... in the Dungeon (Sprint II: "The Violet Keep of Menkaure").
             The game lasted 00:01:17 (668 turns).

sanboga the Protected (Minotaur Fighter)             Turns: 668, Time: 00:01:17

HP  -7/58        AC  8     Str 22      XL: 6   Next: 60%
MP   2/2         EV  8     Int  5      God:
Gold 263         SH 24     Dex 10      Spells:  0 memorised,  5 levels left

Res.Fire  : . . .   See Invis. : .   a - +0 trident
Res.Cold  : . . .   Warding    : .   b - +0 scale mail
Life Prot.: . . .   Conserve   : .   c - +0 shield (curse)
Res.Poison: .       Res.Corr.  : .   (helmet restricted)
Res.Elec. : .       Clarity    : .   (no cloak)
Sust.Abil.: . .     Spirit.Shd : .   (no gloves)
Res.Mut.  : .       Prev.Telep.: +   (no boots)
Res.Rott. : .       Flight     : .   (no amulet)
Saprovore : . . .                    (no ring)
                                     (no ring)

@: slightly resistant to hostile enchantments, extremely unstealthy
A: retaliatory headbutt, horns 2
a: no special abilities


You were in the Dungeon.
You were not hungry.

You visited 1 branch You collected 243 gold pieces.

Inventory:

Hand weapons
 a - a +0,+0 trident (weapon)
Armour
 b - a +0 scale mail (worn)
 c - a cursed +0 shield (worn)
Comestibles
 d - a bread ration
Scrolls
 j - a scroll of blinking
Potions
 e - a potion of curing
 g - a potion of speed
 h - 2 potions of magic
 i - a potion of berserk rage


   Skills:
 + Level 10.0 Fighting
 + Level 5.4 Polearms
 + Level 10.2 Armour
 + Level 1.4 Dodging
 + Level 9.8 Shields


You had 5 spell levels left.
You didn't know any spells.

Dungeon Overview and Level Annotations

Branches:
Dungeon (1/1)

Altars:

Annotations:
D Kirke


Innate Abilities, Weirdness & Mutations

You reflexively headbutt those who attack you in melee.
You have a pair of horns on your head.


Message History

Your Armour skill increases to level 10!
You start resting.
HP restored.
The lava snake hisses angrily.
A kobold demonologist, a yaktaur captain and Kirke come into view.
The kobold demonologist shouts!
The yaktaur captain shouts!
The kobold demonologist mumbles some strange words.
The yaktaur captain wields a crossbow.
The yaktaur captain shoots a bolt.
The bolt hits you!
Kirke mumbles some strange words.
You see here a bolt.
As you open the gate, it creaks loudly!
The lava snake spits lava!
You block the glob of lava.
The lava snake spits lava!
The glob of lava hits you!
You are engulfed in roaring flames.
The yaktaur captain shoots a bolt.
The bolt hits you!
* * * LOW HITPOINT WARNING * * *
You see here a bolt.
You are engulfed in roaring flames.
You die... ####+#### ##§§§≈≈≈≈## ##§≈§≈§≈§≈≈# +§§§§§§≈§§§≈# @ #≈§≈§≈§§≈§# Kc.

#§§SSS§≈
####c≈#§§§#+++##
###≈≈≈§§§§§§@..#
..#≈≈≈§.##+##..#
.#≈≈≈≈# ##.####
.#≈≈≈≈ #....#
.#≈≈# ###..##
#≈# #+ #.##..# ≈
##.###..#..#
+<<<'.##'..#
##.###..#....#


You could see a yaktaur captain and a lava snake.

Vanquished Creatures
  A baby alligator (D)
  Menkaure (D)
  A crocodile (D)
  4 giant centipedes (D)
7 creatures vanquished.

Notes
Turn   | Place    | Note
--------------------------------------------------------------
     0 | D        | sanboga, the Minotaur Fighter, began the quest for the Orb.
     0 | D        | Reached XP level 1. HP: 19/19 MP: 0/0
     4 | D        | Reached skill level 4 in Fighting
     4 | D        | Reached XP level 2. HP: 25/27 MP: 0/0
     9 | D        | Reached skill level 5 in Fighting
     9 | D        | Reached skill level 5 in Shields
    95 | D        | Noticed Menkaure
   101 | D        | Killed Menkaure
   101 | D        | Reached skill level 7 in Fighting
   101 | D        | Reached XP level 3. HP: 16/34 MP: 1/1
   101 | D        | Reached XP level 4. HP: 19/41 MP: 1/1
   113 | D        | Reached XP level 5. HP: 21/48 MP: 1/1
   399 | D        | Noticed a baby alligator
   411 | D        | Killed a baby alligator
   411 | D        | Reached skill level 9 in Fighting
   411 | D        | Reached skill level 5 in Polearms
   411 | D        | Reached skill level 1 in Dodging
   411 | D        | Reached XP level 6. HP: 24/58 MP: 2/2
   594 | D        | Noticed a lava snake
   599 | D        | Noticed a crocodile
   601 | D        | Noticed a lava snake
   601 | D        | Noticed a lava snake
   601 | D        | Noticed a lava snake
   608 | D        | Killed a crocodile
   608 | D        | Reached skill level 10 in Fighting
   608 | D        | Reached skill level 10 in Armour
   663 | D        | Noticed Kirke
   663 | D        | Noticed a kobold demonologist
   663 | D        | Noticed a yaktaur captain
   668 | D        | Engulfed by a cloud of flame

Action                   |  1- 3 |  4- 6 || total
-------------------------+-------+-------++-------
Melee: Trident           |    13 |    29 ||    42
  Use: Potion            |     1 |       ||     1
